LOS ANGELES Kings vs NEW YORK Islanders

Created - 26 février 2024 at 23:15

Goals
1 2 3 T
LOS ANGELES Kings 1 0 2 3
NEW YORK Islanders 0 0 2 2
Shots
1 2 3 T
LOS ANGELES Kings 7 6 7 20
NEW YORK Islanders 8 5 11 24

1st period

1. LOS ANGELES Kings , Rem Pitlick 3 (Marcus Pettersson 11, Calle Rosen 4) at 1:51

Penalties :
Sean Kuraly (NYI) for Cross-checking (Minor) at 12:06, Ethan Bear (NYI) for Cross-checking (Minor) at 15:01, Jacob Trouba (NYI) for Slashing (Minor) at 19:39

2nd period

No Goal

Penalties :
Rasmus Andersson (LAK) for Roughing (Minor) at 2:02, Lucas Raymond (NYI) for High sticking (Minor) at 7:28, Marc Staal (LAK) for Roughing (Minor) at 7:28, Marcus Pettersson (LAK) for High sticking (Minor) at 10:53, Dillon Dube (NYI) for Roughing (Minor) at 12:43, Dillon Dube (NYI) for Holding (Minor) at 19:09

3rd period

2. NEW YORK Islanders , Pius Suter 8 (Braden Schneider 4, Ethan Bear 17) at 3:01 (PP)
3. LOS ANGELES Kings , Anze Kopitar 7 (Dominik Kubalik 5, Mitchell Marner 10) at 3:32
4. NEW YORK Islanders , Jesper Fast 3 (Ethan Bear 18) at 5:54
5. LOS ANGELES Kings , Mark Stone 7 (Marcus Pettersson 12, Hampus Lindholm 17) at 11:56 (PP)

Penalties :
Drew Doughty (LAK) for Tripping (Minor) at 1:59, Jesper Fast (NYI) for Tripping (Minor) at 11:30, Kirby Dach (NYI) for Tripping (Minor) at 12:01, Jacob Trouba (NYI) for Hooking (Minor) at 15:29, Jacob Trouba (NYI) for Tripping (Minor) at 19:01, Dominik Kubalik (LAK) for High sticking (Minor) at 19:01

Goalie Stats

Kaapo Kahkonen (LAK), 22 saves from 24 shots - (0,917), W, 1-0-0, 60:00 minutes
Ilya Sorokin (NYI), 17 saves from 20 shots - (0,850), L, 15-9-2, 59:11 minutes

Players Stats for LOS ANGELES Kings

Player Name              G  A  P  +/- PIM S  H  SB GA TA FO     MP     PP MP  PK MP  
------------------------------------------------------------------------------------
Anze Kopitar             1  0  1   0  0   3  3  0  0  0  21/35  24:11   8:12   0:30 
Calle Rosen              0  1  1   1  0   1  0  2  0  0  0/0    13:10   0:55   0:18 
Carl Grundstrom          0  0  0   1  0   0  3  0  0  0  1/2    15:18   0:00   0:00 
Dawson Mercer            0  0  0   0  0   0  2  1  0  0  11/26  19:59   5:26   4:21 
Dominik Kubalik          0  1  1   0  2   0  0  0  0  0  0/2    15:58   6:12   0:00 
Drew Doughty             0  0  0   0  2   1  2  1  0  0  0/0    28:21   8:07   2:58 
Hampus Lindholm          0  1  1   0  0   1  4  1  0  0  0/0    19:47   5:08   2:50 
Joel Kiviranta           0  0  0   0  0   0  0  0  0  0  0/0     0:00   0:00   0:00 
Jonathan Huberdeau       0  0  0   0  0   2  5  0  0  0  0/0    18:10   7:58   0:00 
Marc Staal               0  0  0   0  2   0  3  0  0  0  0/0    14:17   0:00   0:00 
Marcus Pettersson        0  2  2   1  2   2  3  1  0  0  0/0    20:27   6:03   2:24 
Mark Stone               1  0  1   0  0   2  1  0  0  0  0/0    15:43   5:58   0:00 
Mitchell Marner          0  1  1   0  0   3  2  0  0  0  0/0    24:11   8:12   0:30 
Oskar Sundqvist          0  0  0   1  0   0  0  0  0  0  8/18   15:50   0:32   0:00 
Parker Kelly             0  0  0   0  0   0  0  0  0  0  0/0     0:00   0:00   0:00 
Pierre Engvall           0  0  0   0  0   0  0  0  0  0  0/0     7:24   0:00   4:21 
Rasmus Andersson         0  0  0   0  2   3  0  1  0  0  0/0    23:54   8:07   1:12 
Rem Pitlick              1  0  1   1  0   2  0  0  0  0  0/2    15:18   0:00   0:00 

Players Stats for NEW YORK Islanders

Player Name              G  A  P  +/- PIM S  H  SB GA TA FO     MP     PP MP  PK MP  
------------------------------------------------------------------------------------
Braden Schneider         0  1  1  -1  0   1  1  1  0  0  0/0    22:23   1:58   5:29 
Dillon Dube              0  0  0   0  4   1  3  0  0  0  10/15  16:04   2:28   0:19 
Erik Cernak              0  0  0   0  0   0  2  1  0  0  0/0    26:53   2:53   8:27 
Ethan Bear               0  2  2   0  2   0  0  0  0  0  0/0    14:07   1:58   0:42 
Gustav Nyquist           0  0  0   0  0   0  1  1  0  0  0/0    19:54   0:00   9:42 
Ilya Lyubushkin          0  0  0  -1  0   2  5  0  0  0  0/0    20:25   0:00   5:29 
Jacob Trouba             0  0  0   0  6   2  1  4  0  0  0/0    23:14   2:53   5:49 
Jesper Fast              1  0  1   0  2   4  1  0  0  0  0/0    12:26   0:00   3:59 
Kirby Dach               0  0  0   0  2   2  2  0  0  0  8/19   14:58   2:22   1:41 
Lucas Raymond            0  0  0   0  2   1  0  0  0  0  0/1    12:35   2:29   0:00 
Michael McLeod           0  0  0  -1  0   1  1  0  0  0  12/17  10:09   0:00   4:09 
Nikolaj Ehlers           0  0  0   0  0   2  0  0  0  0  1/2    16:26   2:22   0:19 
Nino Niederreiter        0  0  0   0  0   3  0  0  0  0  0/2    17:43   2:29   0:00 
Pius Suter               1  0  1   0  0   4  2  0  0  0  8/18   13:07   2:22   0:00 
Sean Kuraly              0  0  0  -1  2   1  0  2  0  0  5/11   14:10   0:00   8:11 
Sebastian D Aho          0  0  0   0  0   0  3  0  0  0  0/0    12:54   0:00   2:24 
Victor Olofsson          0  0  0   0  0   0  0  0  0  0  0/0     9:06   0:00   0:00 
Zack Kassian             0  0  0  -1  0   0  0  0  0  0  0/0     6:00   0:00   0:00 

3 Stars

1 - Anze Kopitar (LAK)
2 - Marcus Pettersson (LAK)
3 - Rem Pitlick (LAK)

Power Play

LOS ANGELES Kings - 1 on 8 Attempt(s) - 12,50%
NEW YORK Islanders - 1 on 3 Attempt(s) - 33,33%

Penalty Kill

LOS ANGELES Kings - 2 on 3 Attempt(s) - 66,67% - Score 0 goal in Penalty Kill
NEW YORK Islanders - 7 on 8 Attempt(s) - 87,50% - Score 0 goal in Penalty Kill

Team Stat

LOS ANGELES Kings - Hits : 28 - Faceoff Wins : 41 - Blocked Shots : 7 - Penalty Minutes : 10
NEW YORK Islanders - Hits : 22 - Faceoff Wins : 44 - Blocked Shots : 9 - Penalty Minutes : 20

Official

Referees : Chris Lee and Jordan Samuels-Thomas
Linesman : Mark Shewchyk and Shandor Alphonso

Game Notes

No Game Note

Finance

Level 1 -- Attendance: 6000 (100,00%) -- Ticket Income $510,000
Level 2 -- Attendance: 4942 (89,85%) -- Ticket Income $247,100
Level 3 -- Attendance: 2473 (82,43%) -- Ticket Income $61,825
Level 4 -- Attendance: 3024 (60,48%) -- Ticket Income $66,528
Luxury Box -- Attendance: 784 (78,40%) -- Ticket Income $168,560
Game was played at the Barclays Center.
Total Attendance: 17223 (84,01%)
Total Ticket Income: $1,054,013
Other Income: $263,503
Total Income: $1,317,516

LOS ANGELES Kings

5 vs 5 Forward 
   Center                   Left Wing                Right Wing               Time % Phy DF OF 
 1 Anze Kopitar             Dominik Kubalik          Mitchell Marner          41     1   2  2  
 2 Dawson Mercer            Jonathan Huberdeau       Mark Stone               31     1   2  2  
 3 Oskar Sundqvist          Carl Grundstrom          Rem Pitlick              20     2   2  1  
 4 Anze Kopitar             Pierre Engvall           Mitchell Marner          8      1   2  2  

5 vs 5 Defense 
   Defense                  Defense                                           Time % Phy DF OF 
 1 Drew Doughty             Marc Staal                                        40     1   2  2  
 2 Rasmus Andersson         Hampus Lindholm                                   30     1   2  2  
 3 Marcus Pettersson        Calle Rosen                                       20     1   2  2  
 4 Drew Doughty             Rasmus Andersson                                  10     1   2  2  

PowerPlay Forward 
   Center                   Left Wing                Right Wing               Time % Phy DF OF 
 1 Anze Kopitar             Jonathan Huberdeau       Mitchell Marner          60     1   1  3  
 2 Dawson Mercer            Dominik Kubalik          Mark Stone               40     1   1  3  

PowerPlay Defense
   Defense                  Defense                                           Time % Phy DF OF 
 1 Drew Doughty             Rasmus Andersson                                  60     1   2  2  
 2 Marcus Pettersson        Hampus Lindholm                                   40     1   2  2  

Penalty Kill 4 Players Forward 
   Center                   Wing                     Time % Phy DF OF 
 1 Dawson Mercer            Pierre Engvall           60     1   3  1  
 2 Anze Kopitar             Mitchell Marner          40     1   3  1  

Penalty Kill 4 Players Defense
   Defense                  Defense                  Time % Phy DF OF 
 1 Marcus Pettersson        Rasmus Andersson         60     1   2  2  
 2 Hampus Lindholm          Drew Doughty             40     1   2  2  

Penalty Kill - 3 Players Forward 
   Forward                                           Time % Phy DF OF 
 1 Dawson Mercer                                     60     1   3  1  
 2 Anze Kopitar                                      40     1   3  1  

Penalty Kill - 3 Players Defense
   Defense                  Defense                  Time % Phy DF OF 
 1 Marcus Pettersson        Rasmus Andersson         60     1   2  2  
 2 Drew Doughty             Hampus Lindholm          40     1   2  2  

4 vs 4 Forward 
   Center                   Wing                     Time % Phy DF OF 
 1 Anze Kopitar             Mitchell Marner          60     1   2  2  
 2 Dawson Mercer            Jonathan Huberdeau       40     1   2  2  

4 vs 4 Defense
   Defense                  Defense                  Time % Phy DF OF 
 1 Drew Doughty             Rasmus Andersson         60     1   2  2  
 2 Marc Staal               Hampus Lindholm          40     1   2  2  

Last Minutes Offensive
   Center                   Left Wing                Right Wing               Defense                  Defense                  
   Anze Kopitar             Jonathan Huberdeau       Mitchell Marner          Drew Doughty             Rasmus Andersson         

Last Minutes Defensive
   Center                   Left Wing                Right Wing               Defense                  Defense                  
   Anze Kopitar             Jonathan Huberdeau       Mitchell Marner          Drew Doughty             Rasmus Andersson         

Goaltenders
Starting : Kaapo Kahkonen           
Backup : Vitek Vanecek            

Extra Forwards
Normal : Anze Kopitar, Mitchell Marner, Jonathan Huberdeau - PP : Anze Kopitar, Mitchell Marner - PK : Mitchell Marner
Extra Defensemen
Normal : Marcus Pettersson, Drew Doughty, Rasmus Andersson - PP : Marcus Pettersson - PK : Drew Doughty, Rasmus Andersson
Penalty Shots
Mitchell Marner, Jonathan Huberdeau, Mark Stone, Anze Kopitar, Dawson Mercer

Scratches
None

NEW YORK Islanders

5 vs 5 Forward 
   Center                   Left Wing                Right Wing               Time % Phy DF OF 
 1 Dillon Dube              Nino Niederreiter        Nikolaj Ehlers           40     1   2  2  
 2 Pius Suter               Lucas Raymond            Gustav Nyquist           30     1   2  2  
 3 Kirby Dach               Victor Olofsson          Jesper Fast              20     1   2  2  
 4 Michael McLeod           Sean Kuraly              Zack Kassian             10     1   2  2  

5 vs 5 Defense 
   Defense                  Defense                                           Time % Phy DF OF 
 1 Jacob Trouba             Erik Cernak                                       40     1   2  2  
 2 Ilya Lyubushkin          Braden Schneider                                  30     1   2  2  
 3 Sebastian D Aho          Ethan Bear                                        20     1   2  2  
 4 Erik Cernak              Jacob Trouba                                      10     1   2  2  

PowerPlay Forward 
   Center                   Left Wing                Right Wing               Time % Phy DF OF 
 1 Dillon Dube              Lucas Raymond            Nino Niederreiter        70     1   2  2  
 2 Pius Suter               Nikolaj Ehlers           Kirby Dach               30     1   2  2  

PowerPlay Defense
   Defense                  Defense                                           Time % Phy DF OF 
 1 Jacob Trouba             Erik Cernak                                       60     1   2  2  
 2 Ethan Bear               Braden Schneider                                  40     1   2  2  

Penalty Kill 4 Players Forward 
   Center                   Wing                     Time % Phy DF OF 
 1 Sean Kuraly              Gustav Nyquist           60     1   2  2  
 2 Michael McLeod           Jesper Fast              40     1   2  2  

Penalty Kill 4 Players Defense
   Defense                  Defense                  Time % Phy DF OF 
 1 Jacob Trouba             Erik Cernak              60     1   2  2  
 2 Braden Schneider         Ilya Lyubushkin          40     1   2  2  

Penalty Kill - 3 Players Forward 
   Forward                                           Time % Phy DF OF 
 1 Pius Suter                                        60     1   2  2  
 2 Sean Kuraly                                       40     1   2  2  

Penalty Kill - 3 Players Defense
   Defense                  Defense                  Time % Phy DF OF 
 1 Jacob Trouba             Erik Cernak              60     1   2  2  
 2 Ilya Lyubushkin          Sebastian D Aho          40     1   2  2  

4 vs 4 Forward 
   Center                   Wing                     Time % Phy DF OF 
 1 Kirby Dach               Nino Niederreiter        60     1   2  2  
 2 Pius Suter               Victor Olofsson          40     1   2  2  

4 vs 4 Defense
   Defense                  Defense                  Time % Phy DF OF 
 1 Jacob Trouba             Erik Cernak              60     1   2  2  
 2 Ilya Lyubushkin          Braden Schneider         40     1   2  2  

Last Minutes Offensive
   Center                   Left Wing                Right Wing               Defense                  Defense                  
   Dillon Dube              Nino Niederreiter        Nikolaj Ehlers           Jacob Trouba             Erik Cernak              

Last Minutes Defensive
   Center                   Left Wing                Right Wing               Defense                  Defense                  
   Pius Suter               Nino Niederreiter        Lucas Raymond            Jacob Trouba             Erik Cernak              

Goaltenders
Starting : Ilya Sorokin             
Backup : Anton Khudobin           

Extra Forwards
Normal : Nikolaj Ehlers, Kirby Dach, Lucas Raymond - PP : Nikolaj Ehlers, Kirby Dach - PK : Sean Kuraly
Extra Defensemen
Normal : Ethan Bear, Jacob Trouba, Braden Schneider - PP : Ethan Bear - PK : Erik Cernak, Sebastian D Aho
Penalty Shots
Nino Niederreiter, Lucas Raymond, Kirby Dach, Nikolaj Ehlers, Victor Olofsson

Scratches
Adam Ruzicka (Healthy), Brett Connolly (Healthy), Jay Beagle (Healthy)

% Time on Ice - LOS ANGELES Kings

Lines # - Real PCT - Wanted PCT - Time Play
Normal Forward
1 - 26% - 41% - 9:47
2 - 26% - 31% - 9:45
3 - 40% - 20% - 15:18
4 - 8% - 8% - 3:03
Normal Defense
1 - 37% - 40% - 13:59
2 - 28% - 30% - 10:36
3 - 32% - 20% - 11:57
4 - 4% - 10% - 1:21
PP Forward
1 - 58% - 60% - 8:12
2 - 42% - 40% - 5:58
PP Defense
1 - 57% - 60% - 8:07
2 - 43% - 40% - 6:03
PK Forward
1 - 90% - 60% - 4:21
2 - 10% - 40% - 0:30
PK Defense
1 - 61% - 60% - 2:57
2 - 39% - 40% - 1:54
PK3 Forward
1 - 0% - 60%
2 - 0% - 40%
PK3 Defense
1 - 0% - 60%
2 - 0% - 40%
44 Forward
1 - 85% - 60% - 2:39
2 - 15% - 40% - 0:27
44 Defense
1 - 81% - 60% - 2:30
2 - 19% - 40% - 0:36
Last Minute Offensive  - 0:00
Last Minute Defensive  - 0:00
Total
Forward - 60:00
Defense - 60:00

% Time on Ice - NEW YORK Islanders

Lines # - Real PCT - Wanted PCT - Time Play
Normal Forward
1 - 35% - 40% - 13:18
2 - 27% - 30% - 10:07
3 - 22% - 20% - 8:28
4 - 16% - 10% - 6:00
Normal Defense
1 - 33% - 40% - 12:36
2 - 37% - 30% - 14:09
3 - 28% - 20% - 10:30
4 - 2% - 10% - 0:38
PP Forward
1 - 51% - 70% - 2:29
2 - 49% - 30% - 2:22
PP Defense
1 - 59% - 60% - 2:53
2 - 41% - 40% - 1:58
PK Forward
1 - 71% - 60% - 10:01
2 - 29% - 40% - 4:09
PK Defense
1 - 61% - 60% - 8:41
2 - 39% - 40% - 5:29
PK3 Forward
1 - 0% - 60%
2 - 0% - 40%
PK3 Defense
1 - 0% - 60%
2 - 0% - 40%
44 Forward
1 - 80% - 60% - 2:28
2 - 20% - 40% - 0:38
44 Defense
1 - 75% - 60% - 2:19
2 - 25% - 40% - 0:47
Last Minute Offensive  - 0:00
Last Minute Defensive  - 0:00
Total
Forward - 60:00
Defense - 60:00

Play-by-Play

1st period


0:01 of 1st period - Dillon Dube wins face-off versus Anze Kopitar in neutral zone.
0:03 of 1st period - Off-side.
0:04 of 1st period - Pius Suter wins face-off versus Dawson Mercer in neutral zone.
0:38 of 1st period - Icing by Lucas Raymond.
0:39 of 1st period - Anze Kopitar wins face-off versus Lucas Raymond in NEW YORK Islanders zone.
0:45 of 1st period - Pius Suter is hit by Marc Staal and loses puck.
1:13 of 1st period - Icing by Erik Cernak.
1:14 of 1st period - Nikolaj Ehlers wins face-off versus Rem Pitlick in NEW YORK Islanders zone.
1:37 of 1st period - Icing by Calle Rosen.
1:38 of 1st period - Kirby Dach wins face-off versus Oskar Sundqvist in LOS ANGELES Kings zone.
1:51 of 1st period - Shot by Rem Pitlick.
1:51 of 1st period - Goal by Rem Pitlick - LOS ANGELES Kings : 1 - NEW YORK Islanders : 0.
1:52 of 1st period - Anze Kopitar wins face-off versus Michael McLeod in neutral zone.
2:27 of 1st period - Shot by Mitchell Marner.
2:27 of 1st period - Shot Misses the Net.
2:29 of 1st period - Shot by Anze Kopitar.
2:29 of 1st period - Stopped by Ilya Sorokin without a rebound.
2:30 of 1st period - Dillon Dube wins face-off versus Dawson Mercer in NEW YORK Islanders zone.
2:39 of 1st period - Shot by Nikolaj Ehlers.
2:39 of 1st period - Shot Misses the Net.
4:30 of 1st period - Braden Schneider is hit by Carl Grundstrom and loses puck.
4:39 of 1st period - Rem Pitlick is hit by Pius Suter and loses puck.
5:13 of 1st period - Icing by Ethan Bear.
5:14 of 1st period - Michael McLeod wins face-off versus Anze Kopitar in NEW YORK Islanders zone.
5:14 of 1st period - Michael McLeod is hit by Mitchell Marner.
5:17 of 1st period - Icing by Ethan Bear.
5:18 of 1st period - Michael McLeod wins face-off versus Anze Kopitar in NEW YORK Islanders zone.
5:18 of 1st period - Michael McLeod is hit by Anze Kopitar.
5:23 of 1st period - Sean Kuraly is hit by Hampus Lindholm and loses puck.
5:39 of 1st period - Icing by Rasmus Andersson.
5:40 of 1st period - Dillon Dube wins face-off versus Dominik Kubalik in LOS ANGELES Kings zone.
5:48 of 1st period - Rasmus Andersson is hit by Dillon Dube and loses puck.
5:59 of 1st period - Shot by Anze Kopitar.
5:59 of 1st period - Shot Misses the Net.
6:09 of 1st period - Shot by Anze Kopitar.
6:09 of 1st period - Stopped by Ilya Sorokin without a rebound.
6:10 of 1st period - Dawson Mercer wins face-off versus Kirby Dach in NEW YORK Islanders zone.
6:20 of 1st period - Icing by Braden Schneider.
6:21 of 1st period - Kirby Dach wins face-off versus Dawson Mercer in NEW YORK Islanders zone.
6:38 of 1st period - Shot by Kirby Dach.
6:38 of 1st period - Shot Blocked by Calle Rosen.
6:40 of 1st period - Shot by Ilya Lyubushkin.
6:40 of 1st period - Stopped by Kaapo Kahkonen without a rebound.
6:41 of 1st period - Anze Kopitar wins face-off versus Dillon Dube in LOS ANGELES Kings zone.
7:45 of 1st period - Jonathan Huberdeau is hit by Ilya Lyubushkin and loses puck.
7:54 of 1st period - Shot by Pius Suter.
7:54 of 1st period - Stopped by Kaapo Kahkonen without a rebound.
7:55 of 1st period - Oskar Sundqvist wins face-off versus Kirby Dach in LOS ANGELES Kings zone.
7:59 of 1st period - Marcus Pettersson is hit by Kirby Dach and loses puck.
8:17 of 1st period - Shot by Jesper Fast.
8:17 of 1st period - Shot Misses the Net.
8:19 of 1st period - Shot by Victor Olofsson.
8:19 of 1st period - Shot Misses the Net.
8:27 of 1st period - Shot by Jesper Fast.
8:27 of 1st period - Shot Misses the Net.
8:31 of 1st period - Shot by Kirby Dach.
8:31 of 1st period - Stopped by Kaapo Kahkonen without a rebound.
8:32 of 1st period - Pius Suter wins face-off versus Dawson Mercer in LOS ANGELES Kings zone.
8:36 of 1st period - Lucas Raymond is hit by Marc Staal and loses puck.
8:53 of 1st period - Shot by Mark Stone.
8:53 of 1st period - Stopped by Ilya Sorokin without a rebound.
8:54 of 1st period - Anze Kopitar wins face-off versus Dillon Dube in NEW YORK Islanders zone.
9:04 of 1st period - Erik Cernak is hit by Hampus Lindholm and loses puck.
9:12 of 1st period - Dillon Dube is hit by Hampus Lindholm and loses puck.
9:18 of 1st period - Dillon Dube is hit by Hampus Lindholm and loses puck.
9:50 of 1st period - Off-side.
9:51 of 1st period - Dawson Mercer wins face-off versus Pius Suter in neutral zone.
10:14 of 1st period - Shot by Jonathan Huberdeau.
10:14 of 1st period - Stopped by Ilya Sorokin without a rebound.
10:15 of 1st period - Kirby Dach wins face-off versus Carl Grundstrom in NEW YORK Islanders zone.
10:24 of 1st period - Shot by Sebastian D Aho.
10:24 of 1st period - Shot Blocked by Calle Rosen.
10:41 of 1st period - Shot by Victor Olofsson.
10:41 of 1st period - Shot Misses the Net.
10:44 of 1st period - Icing by Calle Rosen.
10:45 of 1st period - Oskar Sundqvist wins face-off versus Dillon Dube in LOS ANGELES Kings zone.
10:45 of 1st period - Oskar Sundqvist is hit by Dillon Dube.
10:53 of 1st period - Shot by Rem Pitlick.
10:53 of 1st period - Deflect By Carl Grundstrom.
10:53 of 1st period - Shot Misses the Net.
10:55 of 1st period - Shot by Carl Grundstrom.
10:55 of 1st period - Shot Blocked by Jacob Trouba.
10:57 of 1st period - Shot by Rem Pitlick.
10:57 of 1st period - Deflect By Oskar Sundqvist.
10:57 of 1st period - Shot Blocked by Erik Cernak.
11:05 of 1st period - Shot by Oskar Sundqvist.
11:05 of 1st period - Deflect By Rem Pitlick.
11:05 of 1st period - Shot Misses the Net.
11:42 of 1st period - Shot by Mitchell Marner.
11:42 of 1st period - Stopped by Ilya Sorokin without a rebound.
11:43 of 1st period - Pius Suter wins face-off versus Dawson Mercer in NEW YORK Islanders zone.
11:43 of 1st period - Pius Suter is hit by Mark Stone.
11:57 of 1st period - Icing by Hampus Lindholm.
11:58 of 1st period - Michael McLeod wins face-off versus Dawson Mercer in LOS ANGELES Kings zone.
12:06 of 1st period - Minor Penalty to Sean Kuraly for Cross-checking.
12:07 of 1st period - Kirby Dach wins face-off versus Anze Kopitar in NEW YORK Islanders zone.
13:05 of 1st period - Erik Cernak is hit by Dawson Mercer and loses puck.
13:28 of 1st period - Shot by Hampus Lindholm.
13:28 of 1st period - Stopped by Ilya Sorokin without a rebound.
13:29 of 1st period - Anze Kopitar wins face-off versus Kirby Dach in NEW YORK Islanders zone.
14:15 of 1st period - Icing by Michael McLeod.
14:16 of 1st period - Michael McLeod wins face-off versus Oskar Sundqvist in NEW YORK Islanders zone.
14:18 of 1st period - Icing by Ethan Bear.
14:19 of 1st period - Michael McLeod wins face-off versus Oskar Sundqvist in NEW YORK Islanders zone.
14:19 of 1st period - Michael McLeod is hit by Carl Grundstrom.
15:01 of 1st period - Minor Penalty to Ethan Bear for Cross-checking.
15:02 of 1st period - Dawson Mercer wins face-off versus Sean Kuraly in NEW YORK Islanders zone.
15:11 of 1st period - Shot by Drew Doughty.
15:11 of 1st period - Shot Blocked by Jacob Trouba.
15:29 of 1st period - Dawson Mercer is hit by Michael McLeod and loses puck.
15:40 of 1st period - Shot by Michael McLeod.
15:40 of 1st period - Shot Blocked by Rasmus Andersson.
15:42 of 1st period - Shot by Jesper Fast.
15:42 of 1st period - Stopped by Kaapo Kahkonen without a rebound.
15:43 of 1st period - Anze Kopitar wins face-off versus Sean Kuraly in LOS ANGELES Kings zone.
16:08 of 1st period - Shot by Sean Kuraly.
16:08 of 1st period - Stopped by Kaapo Kahkonen without a rebound.
16:09 of 1st period - Dawson Mercer wins face-off versus Michael McLeod in LOS ANGELES Kings zone.
16:37 of 1st period - Shot by Mark Stone.
16:37 of 1st period - Shot Misses the Net.
17:02 of 1st period - Icing by Anze Kopitar.
17:03 of 1st period - Dillon Dube wins face-off versus Oskar Sundqvist in LOS ANGELES Kings zone.
17:05 of 1st period - Nikolaj Ehlers is hit by Marcus Pettersson and loses puck.
17:17 of 1st period - Shot by Dillon Dube.
17:17 of 1st period - Stopped by Kaapo Kahkonen without a rebound.
17:18 of 1st period - Anze Kopitar wins face-off versus Kirby Dach in LOS ANGELES Kings zone.
17:46 of 1st period - Shot by Jesper Fast.
17:46 of 1st period - Stopped by Kaapo Kahkonen with a rebound.
19:23 of 1st period - Shot by Nino Niederreiter.
19:23 of 1st period - Stopped by Kaapo Kahkonen without a rebound.
19:24 of 1st period - Sean Kuraly wins face-off versus Oskar Sundqvist in LOS ANGELES Kings zone.
19:31 of 1st period - Shot by Sean Kuraly.
19:31 of 1st period - Shot Blocked by Hampus Lindholm.
19:38 of 1st period - Rasmus Andersson is hit by Erik Cernak and loses puck.
19:39 of 1st period - Minor Penalty to Jacob Trouba for Slashing.
19:40 of 1st period - Sean Kuraly wins face-off versus Anze Kopitar in NEW YORK Islanders zone.
19:40 of 1st period - Sean Kuraly is hit by Jonathan Huberdeau.
Goals for this period are 1 for LOS ANGELES Kings vs 0 for NEW YORK Islanders.
Shots for this period are 7 for LOS ANGELES Kings vs 8 for NEW YORK Islanders.

2nd period


0:01 of 2nd period - Anze Kopitar wins face-off versus Sean Kuraly in neutral zone.
0:03 of 2nd period - Jonathan Huberdeau is hit by Erik Cernak and loses puck.
0:24 of 2nd period - Gustav Nyquist is hit by Jonathan Huberdeau and loses puck.
0:32 of 2nd period - Braden Schneider is hit by Jonathan Huberdeau and loses puck.
0:37 of 2nd period - Shot by Drew Doughty.
0:37 of 2nd period - Shot Blocked by Sean Kuraly.
0:46 of 2nd period - Icing by Mitchell Marner.
0:47 of 2nd period - Michael McLeod wins face-off versus Anze Kopitar in LOS ANGELES Kings zone.
1:35 of 2nd period - Shot by Marcus Pettersson.
1:35 of 2nd period - Stopped by Ilya Sorokin without a rebound.
1:36 of 2nd period - Michael McLeod wins face-off versus Anze Kopitar in NEW YORK Islanders zone.
1:36 of 2nd period - Michael McLeod is hit by Jonathan Huberdeau.
1:43 of 2nd period - Icing by Marc Staal.
1:44 of 2nd period - Dillon Dube wins face-off versus Oskar Sundqvist in LOS ANGELES Kings zone.
1:53 of 2nd period - Shot by Dillon Dube.
1:53 of 2nd period - Shot Misses the Net.
1:55 of 2nd period - Shot by Ilya Lyubushkin.
1:55 of 2nd period - Stopped by Kaapo Kahkonen without a rebound.
1:56 of 2nd period - Kirby Dach wins face-off versus Anze Kopitar in LOS ANGELES Kings zone.
2:02 of 2nd period - Minor Penalty to Rasmus Andersson for Roughing.
2:03 of 2nd period - Dillon Dube wins face-off versus Dawson Mercer in LOS ANGELES Kings zone.
2:41 of 2nd period - Shot by Jacob Trouba.
2:41 of 2nd period - Shot Blocked by Marcus Pettersson.
3:00 of 2nd period - Off-side.
3:01 of 2nd period - Anze Kopitar wins face-off versus Pius Suter in neutral zone.
3:09 of 2nd period - Icing by Pius Suter.
3:10 of 2nd period - Dawson Mercer wins face-off versus Pius Suter in NEW YORK Islanders zone.
4:13 of 2nd period - Shot by Rasmus Andersson.
4:13 of 2nd period - Stopped by Ilya Sorokin without a rebound.
4:14 of 2nd period - Michael McLeod wins face-off versus Oskar Sundqvist in NEW YORK Islanders zone.
5:17 of 2nd period - Shot by Anze Kopitar.
5:17 of 2nd period - Shot Misses the Net.
5:19 of 2nd period - Shot by Marc Staal.
5:19 of 2nd period - Shot Misses the Net.
5:21 of 2nd period - Shot by Anze Kopitar.
5:21 of 2nd period - Shot Misses the Net.
5:32 of 2nd period - Icing by Dominik Kubalik.
5:33 of 2nd period - Dillon Dube wins face-off versus Dominik Kubalik in LOS ANGELES Kings zone.
5:59 of 2nd period - Off-side.
6:00 of 2nd period - Pius Suter wins face-off versus Dawson Mercer in neutral zone.
6:17 of 2nd period - Shot by Pius Suter.
6:17 of 2nd period - Stopped by Kaapo Kahkonen without a rebound.
6:18 of 2nd period - Oskar Sundqvist wins face-off versus Nikolaj Ehlers in LOS ANGELES Kings zone.
6:45 of 2nd period - Shot by Nikolaj Ehlers.
6:45 of 2nd period - Deflect By Dillon Dube.
6:45 of 2nd period - Shot Misses the Net.
7:28 of 2nd period - Minor Penalty to Lucas Raymond for High sticking.
7:28 of 2nd period - Minor Penalty to Marc Staal for Roughing.
7:29 of 2nd period - Anze Kopitar wins face-off versus Kirby Dach in LOS ANGELES Kings zone.
7:33 of 2nd period - Off-side.
7:34 of 2nd period - Anze Kopitar wins face-off versus Kirby Dach in neutral zone.
9:41 of 2nd period - Shot by Calle Rosen.
9:41 of 2nd period - Shot Misses the Net.
9:43 of 2nd period - Shot by Marcus Pettersson.
9:43 of 2nd period - Shot Blocked by Sean Kuraly.
9:45 of 2nd period - Shot by Calle Rosen.
9:45 of 2nd period - Stopped by Ilya Sorokin without a rebound.
9:46 of 2nd period - Dawson Mercer wins face-off versus Pius Suter in NEW YORK Islanders zone.
10:04 of 2nd period - Off-side.
10:05 of 2nd period - Michael McLeod wins face-off versus Oskar Sundqvist in neutral zone.
10:14 of 2nd period - Shot by Marc Staal.
10:14 of 2nd period - Shot Misses the Net.
10:37 of 2nd period - Icing by Ilya Lyubushkin.
10:38 of 2nd period - Michael McLeod wins face-off versus Dawson Mercer in NEW YORK Islanders zone.
10:38 of 2nd period - Michael McLeod is hit by Jonathan Huberdeau.
10:53 of 2nd period - Minor Penalty to Marcus Pettersson for High sticking.
10:54 of 2nd period - Dawson Mercer wins face-off versus Nino Niederreiter in LOS ANGELES Kings zone.
11:25 of 2nd period - Shot by Jacob Trouba.
11:25 of 2nd period - Stopped by Kaapo Kahkonen without a rebound.
11:26 of 2nd period - Pius Suter wins face-off versus Dawson Mercer in LOS ANGELES Kings zone.
11:35 of 2nd period - Shot by Pius Suter.
11:35 of 2nd period - Stopped by Kaapo Kahkonen without a rebound.
11:36 of 2nd period - Dawson Mercer wins face-off versus Pius Suter in LOS ANGELES Kings zone.
11:36 of 2nd period - Drew Doughty is hit by Kirby Dach and loses puck.
11:47 of 2nd period - Shot by Kirby Dach.
11:47 of 2nd period - Shot Misses the Net.
12:01 of 2nd period - Shot by Jacob Trouba.
12:01 of 2nd period - Shot Blocked by Dawson Mercer.
12:03 of 2nd period - Shot by Pius Suter.
12:03 of 2nd period - Shot Blocked by Drew Doughty.
12:27 of 2nd period - Ethan Bear is hit by Dawson Mercer and loses puck.
12:42 of 2nd period - Dawson Mercer is hit by Dillon Dube and loses puck.
12:43 of 2nd period - Minor Penalty to Dillon Dube for Roughing.
12:44 of 2nd period - Kirby Dach wins face-off versus Anze Kopitar in NEW YORK Islanders zone.
13:17 of 2nd period - Icing by Jonathan Huberdeau.
13:18 of 2nd period - Sean Kuraly wins face-off versus Anze Kopitar in LOS ANGELES Kings zone.
13:37 of 2nd period - Shot by Jonathan Huberdeau.
13:37 of 2nd period - Shot Misses the Net.
13:43 of 2nd period - Shot by Anze Kopitar.
13:43 of 2nd period - Shot Misses the Net.
14:17 of 2nd period - Shot by Drew Doughty.
14:17 of 2nd period - Stopped by Ilya Sorokin with a rebound.
14:19 of 2nd period - Shot by Rasmus Andersson.
14:19 of 2nd period - Stopped by Ilya Sorokin without a rebound.
14:20 of 2nd period - Michael McLeod wins face-off versus Dawson Mercer in NEW YORK Islanders zone.
14:56 of 2nd period - Shot by Nikolaj Ehlers.
14:56 of 2nd period - Shot Misses the Net.
15:15 of 2nd period - Oskar Sundqvist is hit by Sebastian D Aho and loses puck.
15:42 of 2nd period - Shot by Mitchell Marner.
15:42 of 2nd period - Stopped by Ilya Sorokin without a rebound.
15:43 of 2nd period - Dawson Mercer wins face-off versus Kirby Dach in NEW YORK Islanders zone.
15:48 of 2nd period - Shot by Dawson Mercer.
15:48 of 2nd period - Shot Misses the Net.
16:04 of 2nd period - Shot by Victor Olofsson.
16:04 of 2nd period - Shot Misses the Net.
16:06 of 2nd period - Shot by Jacob Trouba.
16:06 of 2nd period - The goal is going for a video replay.
16:06 of 2nd period - The goal is refused.
16:07 of 2nd period - Anze Kopitar wins face-off versus Pius Suter in LOS ANGELES Kings zone.
16:07 of 2nd period - Anze Kopitar is hit by Pius Suter.
16:35 of 2nd period - Anze Kopitar is hit by Ilya Lyubushkin and loses puck.
17:09 of 2nd period - Hampus Lindholm is hit by Braden Schneider and loses puck.
17:23 of 2nd period - Icing by Braden Schneider.
17:24 of 2nd period - Pius Suter wins face-off versus Oskar Sundqvist in NEW YORK Islanders zone.
17:49 of 2nd period - Off-side.
17:50 of 2nd period - Kirby Dach wins face-off versus Dawson Mercer in neutral zone.
17:53 of 2nd period - Mark Stone is hit by Jesper Fast and loses puck.
18:19 of 2nd period - Rasmus Andersson is hit by Sebastian D Aho and loses puck.
18:27 of 2nd period - Icing by Ethan Bear.
18:28 of 2nd period - Anze Kopitar wins face-off versus Kirby Dach in NEW YORK Islanders zone.
18:28 of 2nd period - Dominik Kubalik is hit by Sebastian D Aho and loses puck.
18:52 of 2nd period - Off-side.
18:53 of 2nd period - Dillon Dube wins face-off versus Oskar Sundqvist in neutral zone.
19:09 of 2nd period - Minor Penalty to Dillon Dube for Holding.
19:10 of 2nd period - Anze Kopitar wins face-off versus Sean Kuraly in NEW YORK Islanders zone.
19:40 of 2nd period - Shot by Rasmus Andersson.
19:40 of 2nd period - Shot Blocked by Gustav Nyquist.
Goals for this period are 0 for LOS ANGELES Kings vs 0 for NEW YORK Islanders.
Shots for this period are 6 for LOS ANGELES Kings vs 5 for NEW YORK Islanders.

3rd period


0:01 of 3rd period - Anze Kopitar wins face-off versus Sean Kuraly in neutral zone.
0:44 of 3rd period - Shot by Anze Kopitar.
0:44 of 3rd period - Shot Blocked by Jacob Trouba.
0:46 of 3rd period - Shot by Anze Kopitar.
0:46 of 3rd period - Shot Misses the Net.
1:22 of 3rd period - Shot by Nikolaj Ehlers.
1:22 of 3rd period - Stopped by Kaapo Kahkonen without a rebound.
1:23 of 3rd period - Oskar Sundqvist wins face-off versus Kirby Dach in LOS ANGELES Kings zone.
1:39 of 3rd period - Victor Olofsson is hit by Drew Doughty and loses puck.
1:59 of 3rd period - Minor Penalty to Drew Doughty for Tripping.
2:00 of 3rd period - Dawson Mercer wins face-off versus Dillon Dube in LOS ANGELES Kings zone.
2:37 of 3rd period - Shot by Nino Niederreiter.
2:37 of 3rd period - Stopped by Kaapo Kahkonen with a rebound.
2:41 of 3rd period - Shot by Dillon Dube.
2:41 of 3rd period - Deflect By Nino Niederreiter.
2:41 of 3rd period - Stopped by Kaapo Kahkonen with a rebound.
2:43 of 3rd period - Shot by Lucas Raymond.
2:43 of 3rd period - Stopped by Kaapo Kahkonen without a rebound.
2:44 of 3rd period - Pius Suter wins face-off versus Anze Kopitar in LOS ANGELES Kings zone.
2:47 of 3rd period - Shot by Kirby Dach.
2:47 of 3rd period - Shot Misses the Net.
3:01 of 3rd period - Shot by Pius Suter.
3:01 of 3rd period - Goal by Pius Suter - LOS ANGELES Kings : 1 - NEW YORK Islanders : 1.
3:02 of 3rd period - Anze Kopitar wins face-off versus Michael McLeod in neutral zone.
3:18 of 3rd period - Shot by Anze Kopitar.
3:18 of 3rd period - Shot Misses the Net.
3:30 of 3rd period - Shot by Dominik Kubalik.
3:30 of 3rd period - Shot Misses the Net.
3:32 of 3rd period - Shot by Anze Kopitar.
3:32 of 3rd period - Goal by Anze Kopitar - LOS ANGELES Kings : 2 - NEW YORK Islanders : 1.
3:33 of 3rd period - Dillon Dube wins face-off versus Rem Pitlick in neutral zone.
3:35 of 3rd period - Jacob Trouba is hit by Carl Grundstrom.
3:42 of 3rd period - Icing by Rasmus Andersson.
3:43 of 3rd period - Oskar Sundqvist wins face-off versus Pius Suter in LOS ANGELES Kings zone.
4:17 of 3rd period - Icing by Erik Cernak.
4:18 of 3rd period - Pius Suter wins face-off versus Anze Kopitar in NEW YORK Islanders zone.
4:20 of 3rd period - Icing by Erik Cernak.
4:21 of 3rd period - Anze Kopitar wins face-off versus Pius Suter in NEW YORK Islanders zone.
4:39 of 3rd period - Lucas Raymond is hit by Marc Staal and loses puck.
5:52 of 3rd period - Shot by Jesper Fast.
5:52 of 3rd period - Stopped by Kaapo Kahkonen with a rebound.
5:54 of 3rd period - Shot by Jesper Fast.
5:54 of 3rd period - Goal by Jesper Fast - LOS ANGELES Kings : 2 - NEW YORK Islanders : 2.
5:55 of 3rd period - Dawson Mercer wins face-off versus Michael McLeod in neutral zone.
6:08 of 3rd period - Shot by Sean Kuraly.
6:08 of 3rd period - Shot Misses the Net.
6:10 of 3rd period - Shot by Michael McLeod.
6:10 of 3rd period - Stopped by Kaapo Kahkonen without a rebound.
6:11 of 3rd period - Oskar Sundqvist wins face-off versus Pius Suter in LOS ANGELES Kings zone.
6:51 of 3rd period - Carl Grundstrom is hit by Jacob Trouba and loses puck.
7:03 of 3rd period - Jacob Trouba is hit by Marcus Pettersson and loses puck.
7:19 of 3rd period - Nikolaj Ehlers is hit by Marcus Pettersson and loses puck.
7:57 of 3rd period - Mark Stone is hit by Ilya Lyubushkin and loses puck.
8:01 of 3rd period - Icing by Ilya Lyubushkin.
8:02 of 3rd period - Dillon Dube wins face-off versus Anze Kopitar in NEW YORK Islanders zone.
8:44 of 3rd period - Kirby Dach is hit by Drew Doughty and loses puck.
9:35 of 3rd period - Shot by Dawson Mercer.
9:35 of 3rd period - Deflect By Jonathan Huberdeau.
9:35 of 3rd period - Shot Misses the Net.
9:37 of 3rd period - Shot by Mark Stone.
9:37 of 3rd period - Shot Blocked by Jacob Trouba.
10:07 of 3rd period - Carl Grundstrom is hit by Gustav Nyquist and loses puck.
10:58 of 3rd period - Ilya Lyubushkin is hit by Anze Kopitar and loses puck.
11:30 of 3rd period - Minor Penalty to Jesper Fast for Tripping.
11:31 of 3rd period - Sean Kuraly wins face-off versus Dawson Mercer in NEW YORK Islanders zone.
11:54 of 3rd period - Shot by Hampus Lindholm.
11:54 of 3rd period - Shot Blocked by Braden Schneider.
11:56 of 3rd period - Shot by Marcus Pettersson.
11:56 of 3rd period - Deflect By Mark Stone.
11:56 of 3rd period - Goal by Mark Stone - LOS ANGELES Kings : 3 - NEW YORK Islanders : 2.
11:57 of 3rd period - Oskar Sundqvist wins face-off versus Kirby Dach in neutral zone.
12:01 of 3rd period - Minor Penalty to Kirby Dach for Tripping.
12:02 of 3rd period - Anze Kopitar wins face-off versus Sean Kuraly in NEW YORK Islanders zone.
12:09 of 3rd period - Shot by Rasmus Andersson.
12:09 of 3rd period - Stopped by Ilya Sorokin with a rebound.
12:43 of 3rd period - Erik Cernak is hit by Mitchell Marner and loses puck.
14:13 of 3rd period - Shot by Nikolaj Ehlers.
14:13 of 3rd period - Stopped by Kaapo Kahkonen without a rebound.
14:14 of 3rd period - Oskar Sundqvist wins face-off versus Dillon Dube in LOS ANGELES Kings zone.
14:27 of 3rd period - Shot by Rem Pitlick.
14:27 of 3rd period - Stopped by Ilya Sorokin without a rebound.
14:28 of 3rd period - Kirby Dach wins face-off versus Dawson Mercer in NEW YORK Islanders zone.
14:57 of 3rd period - Dawson Mercer is hit by Ilya Lyubushkin and loses puck.
15:29 of 3rd period - Minor Penalty to Jacob Trouba for Hooking.
15:30 of 3rd period - Sean Kuraly wins face-off versus Anze Kopitar in NEW YORK Islanders zone.
15:30 of 3rd period - Sean Kuraly is hit by Anze Kopitar.
15:58 of 3rd period - Shot by Jonathan Huberdeau.
15:58 of 3rd period - Deflect By Anze Kopitar.
15:58 of 3rd period - Shot Misses the Net.
16:04 of 3rd period - Shot by Marcus Pettersson.
16:04 of 3rd period - Stopped by Ilya Sorokin with a rebound.
17:04 of 3rd period - Shot by Mitchell Marner.
17:04 of 3rd period - Stopped by Ilya Sorokin without a rebound.
17:05 of 3rd period - Anze Kopitar wins face-off versus Michael McLeod in NEW YORK Islanders zone.
17:07 of 3rd period - Mitchell Marner is hit by Ilya Lyubushkin and loses puck.
17:20 of 3rd period - Shot by Jonathan Huberdeau.
17:20 of 3rd period - Stopped by Ilya Sorokin without a rebound.
17:21 of 3rd period - Michael McLeod wins face-off versus Dawson Mercer in NEW YORK Islanders zone.
17:29 of 3rd period - Icing by Mark Stone.
17:30 of 3rd period - Carl Grundstrom wins face-off versus Nino Niederreiter in LOS ANGELES Kings zone.
18:06 of 3rd period - Shot by Nino Niederreiter.
18:06 of 3rd period - Shot Misses the Net.
18:44 of 3rd period - Shot by Victor Olofsson.
18:44 of 3rd period - Shot Misses the Net.
18:50 of 3rd period - Shot by Braden Schneider.
18:50 of 3rd period - Stopped by Kaapo Kahkonen without a rebound.
18:51 of 3rd period - Anze Kopitar wins face-off versus Pius Suter in LOS ANGELES Kings zone.
19:01 of 3rd period - Minor Penalty to Jacob Trouba for Tripping.
19:01 of 3rd period - Minor Penalty to Dominik Kubalik for High sticking.
19:02 of 3rd period - Anze Kopitar wins face-off versus Kirby Dach in NEW YORK Islanders zone.
19:11 of 3rd period - NEW YORK Islanders, Ilya Sorokin is pulled from the net.
19:13 of 3rd period - Shot by Kirby Dach.
19:13 of 3rd period - Stopped by Kaapo Kahkonen with a rebound.
Goals for this period are 2 for LOS ANGELES Kings vs 2 for NEW YORK Islanders.
Shots for this period are 7 for LOS ANGELES Kings vs 11 for NEW YORK Islanders. Output by the SimonT Hockey Simulator (STHS) for Martin Benoit - Original Page W3C HTML5 Valid
Hockey Simulator - Hockey Simulation - Hockey Manager